 Dungeon Crawl Stone Soup version 0.30-a0-232-g7c5df11ecf (webtiles) character file.

Game seed: 10515405197595991710

441 qw the Chopper (level 7, -1/43 HPs)
             Began as a Gargoyle Fighter on Oct 9, 2022.
             Slain by Pikel
             ... wielding a +2 whip of flaming
              (2 damage)
             ... on level 4 of the Dungeon.
             The game lasted 00:01:17 (3210 turns).

qw the Chopper (Gargoyle Fighter)                   Turns: 3210, Time: 00:01:17

Health: -1/43      AC: 12    Str: 21    XL:     7   Next: 2%
Magic:  7/7        EV:  9    Int:  9    God:
Gold:   27         SH:  4    Dex:  9    Spells: 6/6 levels left

rFire   . . .      SeeInvis .    Y - +4 war axe
rCold   . . .      Faith    .    c - +0 buckler
rNeg    + + .      Spirit   .    b - +0 scale mail
rPois   inf        Reflect  .    (no helmet)
rElec   +          Harm     .    (no cloak)
rCorr   .          Rampage  .    (no gloves)
Will    .....                    (no boots)
Stlth   ..........               (no amulet)
HPRegen 0.27/turn                l - ring of positive energy
MPRegen 0.10/turn                (no ring)

@: about to teleport
A: sickness immunity, AC +4, negative energy resistance 1, electricity
resistance, torment resistance 1, petrification resistance, shaggy fur 1
a: no special abilities


You were on level 4 of the Dungeon.
You visited 1 branch of the dungeon, and saw 4 of its levels.

You collected 123 gold pieces.
You spent 96 gold pieces at shops.


Innate Abilities, Weirdness & Mutations

You are immune to sickness and miasma.
Your stone body is resilient. (AC +4)
You are immune to poison.
You resist negative energy. (rN+)
You are resistant to electric shocks. (rElec)
You are resistant to unholy torment.
You are immune to petrification.
You are covered in fur. (AC +1)


   Skills:
 - Level 4.1 Fighting
 + Level 5.2 Axes
 - Level 2.4 Throwing
 - Level 3.2 Armour
 - Level 1.5 Dodging
 - Level 3.2 Shields


You had 6 spell levels left.
You didn't know any spells.
Your spell library was empty.

Inventory:

Hand Weapons
 e - a +1 flail of protection
 Y - a +4 war axe (weapon)
Armour
 b - a +0 scale mail (worn)
 c - a +0 buckler (worn)
Jewellery
 l - a ring of positive energy (left hand)
 m - a ring of ice
Scrolls
 i - a scroll of poison {unknown}
 o - 3 scrolls of identify
Potions
 d - 2 potions of might
 f - a potion of haste
 g - a potion of mutation

Dungeon Overview and Level Annotations

Branches:
Dungeon (4/15)             Temple (0/1) D:4

Altars:
Dithmenos
Ru
Zin

Shops:
D:1 (   D:3 *?

Annotations:
D:4 Pikel


Message History

Pikel burns you. The lemure hits you but does no damage. Pikel misses you.
You barely miss Pikel.
Pikel is moderately wounded.
You closely miss the lemure.
Pikel hits you with a +2 whip of flaming.
Pikel burns you. You block the lemure's attack.
Pikel hits you but does no damage. The lemure barely misses you.
You barely miss Pikel.
Pikel is moderately wounded.
You closely miss the lemure. Pikel hits you but does no damage.
The lemure hits you. Pikel closely misses you.
You slash Pikel!
Pikel is heavily wounded.
You barely miss the lemure.
Pikel hits you with a +2 whip of flaming.
Pikel burns you. The lemure hits you but does no damage.
Pikel hits you but does no damage.
You hit Pikel.
Pikel is severely wounded.
You barely miss the lemure. Pikel hits you but does no damage.
The lemure hits you but does no damage.
A lemure comes into view.
Pikel hits you with a +2 whip of flaming.
Pikel burns you. The lemure hits you!
3208 ||| READING scroll of teleportation.
As you read the scroll of teleportation, it crumbles to dust.
You feel strangely unstable.
The lemure shouts!
Pikel hits you with a +2 whip of flaming.
Pikel burns you. The lemure hits you but does no damage.
You slash Pikel!
Pikel is almost dead.
You hit the lemure.
Pikel hits you but does no damage. x2; The lemure hits you.
You hit Pikel.
Pikel is almost dead.
You slash the lemure!
Pikel hits you with a +2 whip of flaming.
You die...

### ###..# ##......... ~~~~
#.#..# #.##.#...# ....
#.#..#####.##.#.... .....
#.................. ##...
#.....####.##.#...#
!....~#.................. #
.....~#5#...##.#.#....... +
#..55#...##.#.##.#.... #
.....~#K@................ #
...K. #........####.#.... #
##.. #........# #.#.... # 5.5
#.....##.# #.#..#. ..
#.....##.# #...>.. ~ ###.#.##.#
###..#. ######
#######.#.##.#####.....
#..#..##..#...................
#
##.............................


You could see Pikel (fast) and 3 lemures.

Vanquished Creatures
  Edmund (D:4)
  A lemure (D:4)
  A scorpion (D:4)
  2 iguanas (D:3)
  Natasha (thrice) (D:3)
  An orc wizard (D:4)
  3 gnolls (D:3)
  An adder (D:3)
  A worm (D:3)
  A dart slug (D:2)
  6 orcs
  4 endoplasms
  4 giant cockroaches
  6 goblins
  9 hobgoblins
  2 jackals (D:3)
  5 quokkas
  4 ball pythons
  9 bats
  3 frilled lizards
  4 kobolds
  5 rats
76 creatures vanquished.

Notes
Turn   | Place    | Note
-------+----------+-------------------------------------------
     0 | D:1      | qw the Gargoyle Fighter began the quest for the Orb.
     0 | D:1      | Reached XP level 1. HP: 14/14 MP: 1/1
     0 | D:1      | 0 ||| qw: Version: 0.2-a-17-g06abaee
     0 | D:1      | 0 ||| qw: Game counter: 2307
     0 | D:1      | 0 ||| qw: Always use a shield: true
     0 | D:1      | 0 ||| qw: God list: Okawaru
     0 | D:1      | 0 ||| qw: Allow faded altars: false
     0 | D:1      | 0 ||| qw: Do Orc after D:15 true
     0 | D:1      | 0 ||| qw: Do second Lair branch before Depths: true
     0 | D:1      | 0 ||| qw: Lair rune preference: random
     0 | D:1      | 0 ||| qw: Plans: Normal, Zot:1-4, God:TSO, Crypt, Tomb,
                  | Pan, Slime:5, Hells, Abyss, Orb
     0 | D:1      | 0 ||| PLANNING D:1-11
    73 | D:1      | Reached skill level 2 in Axes
   115 | D:1      | You fall into a shaft and drop 1 floor!
   200 | D:2      | Reached XP level 2. HP: 19/19 MP: 2/2
   380 | D:2      | 380 ||| DROPPING amulet of faith.
   381 | D:2      | 381 ||| READING scroll labelled TIERIFETRY.
   385 | D:2      | 385 ||| READING scroll labelled MOSAKHL COITIWE.
   386 | D:2      | 386 ||| READING scroll labelled ODOUL DOTEUCS.
   387 | D:2      | 387 ||| DRINKING 2 sedimented orange potions.
   387 | D:2      | Gained mutation: You are covered in fur. (AC +1) [potion of
                  | mutation]
   388 | D:2      | 388 ||| DRINKING 2 sedimented clear potions.
   389 | D:2      | 389 ||| DROPPING potion of flight.
   603 | D:1      | 603 ||| DROPPING +0 club.
   666 | D:1      | Found Lugocw's Antique Weapon Boutique.
   709 | D:1      | 709 ||| Stepping ~*~*~tactically~*~*~ (stealth).
   710 | D:1      | 710 ||| Stepping ~*~*~tactically~*~*~ (stealth).
   712 | D:1      | 712 ||| Stepping ~*~*~tactically~*~*~ (stealth).
   713 | D:1      | 713 ||| Stepping ~*~*~tactically~*~*~ (stealth).
   717 | D:1      | 717 ||| Stepping ~*~*~tactically~*~*~ (stealth).
   718 | D:1      | 718 ||| Stepping ~*~*~tactically~*~*~ (stealth).
   719 | D:1      | 719 ||| Stepping ~*~*~tactically~*~*~ (stealth).
   735 | D:1      | Reached skill level 3 in Axes
   764 | D:1      | Reached XP level 3. HP: 23/23 MP: 3/3
   785 | D:1      | 785 ||| READING scroll of enchant weapon.
   785 | D:1      | 785 ||| ENCHANTING +1 war axe.
  1145 | D:1      | 1145 ||| READING scroll labelled PUUFYC KIMMUZ.
  1146 | D:1      | 1146 ||| READING 2 scrolls labelled HIKHEPU EFIDA.
  1147 | D:1      | 1147 ||| DROPPING scroll of immolation.
  1356 | D:2      | 1356 ||| Stepping ~*~*~tactically~*~*~ (hiding).
  1613 | D:3      | Reached XP level 4. HP: 24/28 MP: 4/4
  1634 | D:3      | Reached skill level 4 in Axes
  1650 | D:3      | Noticed Natasha
  1657 | D:3      | Killed Natasha
  1695 | D:3      | Noticed Natasha
  1697 | D:3      | 1697 ||| FLEEEEING.
  1698 | D:3      | 1698 ||| FLEEEEING.
  1699 | D:3      | 1699 ||| FLEEEEING.
  1700 | D:3      | 1700 ||| FLEEEEING.
  1701 | D:3      | 1701 ||| FLEEEEING.
  1716 | D:3      | Killed Natasha
  1717 | D:3      | Reached XP level 5. HP: 24/32 MP: 5/5
  1751 | D:3      | Noticed Natasha
  1760 | D:3      | Killed Natasha
  1828 | D:3      | 1828 ||| READING scroll of enchant weapon.
  1828 | D:3      | 1828 ||| ENCHANTING +2 war axe.
  1861 | D:3      | 1861 ||| Stepping ~*~*~tactically~*~*~ (stealth).
  1862 | D:3      | 1862 ||| Stepping ~*~*~tactically~*~*~ (stealth).
  1863 | D:3      | 1863 ||| Stepping ~*~*~tactically~*~*~ (stealth).
  1864 | D:3      | 1864 ||| Stepping ~*~*~tactically~*~*~ (stealth).
  1876 | D:3      | Reached skill level 5 in Axes
  1896 | D:3      | Found Gefoih's Magic Scroll Emporium.
  1905 | D:3      | 1905 ||| BUYING scroll of identify (24 gold).
  1905 | D:3      | Bought a scroll of identify for 24 gold pieces
  1905 | D:3      | 1905 ||| BUYING scroll of identify (24 gold).
  1905 | D:3      | Bought a scroll of identify for 24 gold pieces
  1905 | D:3      | 1905 ||| BUYING scroll of identify (24 gold).
  1905 | D:3      | Bought a scroll of identify for 24 gold pieces
  1905 | D:3      | 1905 ||| BUYING scroll of identify (24 gold).
  1905 | D:3      | Bought a scroll of identify for 24 gold pieces
  1905 | D:3      | 1905 ||| SHOPLISTING scroll of teleportation (36 gold, have
                  | 22).
  1986 | D:3      | Found a shadowy altar of Dithmenos.
  2175 | D:3      | 2175 ||| DROPPING +0 mace.
  2274 | D:3      | Found a glowing silver altar of Zin.
  2275 | D:3      | Found Zin's Purification Station.
  2281 | D:3      | 2281 ||| SHOPLISTING potion of curing (90 gold, have 27).
  2344 | D:3      | Reached XP level 6. HP: 38/38 MP: 6/6
  2466 | D:3      | 2466 ||| UPGRADING to ring of positive energy.
  2467 | D:3      | 2467 ||| READING scroll labelled FOR NELORAWYWOANE.
  2468 | D:3      | 2468 ||| READING scroll labelled GEMISE RIYSYKKAI.
  2469 | D:3      | 2469 ||| READING scroll labelled USASOANENN.
  2493 | D:3      | 2493 ||| READING 5 scrolls of identify.
  2493 | D:3      | 2493 ||| IDENTIFYING emerald potion
  2494 | D:3      | 2494 ||| READING 4 scrolls of identify.
  2494 | D:3      | 2494 ||| IDENTIFYING golden potion
  2495 | D:3      | 2495 ||| READING 3 scrolls of identify.
  2495 | D:3      | 2495 ||| IDENTIFYING yellow potion
  2496 | D:3      | 2496 ||| READING 2 scrolls of identify.
  2496 | D:3      | 2496 ||| IDENTIFYING fuming purple potion
  2497 | D:3      | 2497 ||| DROPPING potion of ambrosia.
  2498 | D:3      | 2498 ||| DROPPING potion of berserk rage.
  2583 | D:4      | Noticed Edmund
  2594 | D:4      | Killed Edmund
  2638 | D:4      | 2638 ||| DROPPING +0 flail.
  2775 | D:4      | 2775 ||| Stepping ~*~*~tactically~*~*~ (stealth).
  2776 | D:4      | 2776 ||| Stepping ~*~*~tactically~*~*~ (stealth).
  2779 | D:4      | 2779 ||| Stepping ~*~*~tactically~*~*~ (stealth).
  2791 | D:4      | Reached skill level 1 in Dodging
  2811 | D:4      | Found a staircase to the Ecumenical Temple.
  2847 | D:4      | 2847 ||| Stepping ~*~*~tactically~*~*~ (hiding).
  2866 | D:4      | 2866 ||| DRINKING potion of curing.
  2866 | D:4      | 2866 ||| (to cure confusion)
  2869 | D:4      | Reached XP level 7. HP: 43/43 MP: 7/7
  2888 | D:4      | 2888 ||| READING scroll of enchant weapon.
  2888 | D:4      | 2888 ||| ENCHANTING +3 war axe.
  2913 | D:4      | Found a sacrificial altar of Ru.
  3193 | D:4      | Noticed Pikel
  3196 | D:4      | 3196 ||| Stepping ~*~*~tactically~*~*~ (stealth).
  3207 | D:4      | HP: 4/43 [lemure[Pikel] (7)]
  3208 | D:4      | 3208 ||| READING scroll of teleportation.
  3209 | D:4      | HP: 1/43 [lemure[Pikel] (2)]
  3210 | D:4      | Slain by Pikel

Levels and vault maps discovered:
D:1:      ncdulo_lavacross, layout_loops_corners, serial_shops, shop
D:2:      layout_basic
D:3:      layout_basic, mainiacjoe_overflow_cross_hatched, zin_purify,
          serial_shops, nicolae_diamond_shop, st_stairs_11, chequers_jeans,
          uniq_natasha
D:4:      layout_basic, lemuel_round_altar, minmay_temple_entry_antechambers,
          minivault_27, chequers_serial_rivers_room_a,
          kennysheep_generic_room_16, uniq_pikel, uniq_edmund

Skill      XL: |  1  2  3  4  5  6 |
---------------+-------------------+-----
Axes           | 2 3 4 5 |  5.2
Fighting       | 4 |  4.1
Throwing       | 2 |  2.4
Dodging        | 1 |  1.5
Armour         | |  3.2
Shields        | |  3.2

Action                   |  1- 3 |  4- 6 |  7- 9 || total
-------------------------+-------+-------+-------++-------
Melee: War axe           |    88 |    97 |    14 ||   199
Throw: Javelin           |       |    32 |     5 ||    37
  Use: Scroll            |     6 |     8 |     2 ||    16
       Potion            |     2 |     1 |       ||     3
Armor: Scale mail        |    45 |    37 |    15 ||    97
Dodge: Dodged            |    37 |    36 |     7 ||    80
Block: Buckler           |    10 |     9 |     1 ||    20

Table legend:
 A = Non-vault XP
 B = Vault XP
 C = Vault XP percentage of total XP
 D = Non-vault monster count
 E = Vault monster count
 F = Vault count percentage of total count
                 A         B        C        D         E       F
            +---------+---------+-------+---------+---------+-------
      Total |     383 |     247 |  39.2 |      69 |       6 |   8.0
            +---------+---------+-------+---------+---------+-------
        D:1 |      28 |       0 |   0.0 |      17 |       0 |   0.0
        D:2 |      25 |       0 |   0.0 |      17 |       0 |   0.0
        D:3 |     177 |      90 |  33.7 |      20 |       5 |  20.0
        D:4 |     153 |     157 |  50.6 |      15 |       1 |   6.2
            +---------+---------+-------+---------+---------+-------
